 Dungeon Crawl Stone Soup version 0.20-a0-642-g4ff03ff (webtiles) character file.

117 slumpy the Shield-Bearer (level 5, -17/42 HPs)
             Began as a Formicid Fighter on Feb 14, 2017.
             Demolished by an ogre
             ... wielding a +0 giant club
              (19 damage)
             ... on level 3 of the Dungeon.
             The game lasted 00:06:09 (2602 turns).

slumpy the Shield-Bearer (Formicid Fighter)         Turns: 2602, Time: 00:06:09

Health: -17/42     AC: 11    Str: 25    XL:     5   Next: 22%
Magic:  5/5        EV:  7    Int:  8    God:
Gold:   167        SH:  4    Dex: 11    Spells: 4/4 levels left

rFire    + . .     SeeInvis +   a - +0 war axe
rCold    . . .     Gourm    .   v - +0 plate armour
rNeg     . . .     Faith    .   e - +0 buckler (curse)
rPois    +         Spirit   .   (helmet unavailable)
rElec    .         Reflect  .   (no cloak)
rCorr    .         Harm     .   (no gloves)
MR       .....                  (no boots)
Stlth    ..........             (no amulet)
Regen    0.2/turn               u - ring of poison resistance
MPRegen  0.1/turn               i - ring of protection from fire

@: mighty
A: permanent stasis, dig shafts and tunnels, four strong arms, antennae 3
a: Dig, Shaft Self


You were on level 3 of the Dungeon.
You were not hungry.

You visited 1 branch of the dungeon, and saw 4 of its levels.

You collected 167 gold pieces.

Inventory:

Hand Weapons
 a - a +0 war axe (weapon)
 t - a +0 hand crossbow
Armour
 b - a +0 scale mail
 c - a +0 shield
 e - a cursed +0 buckler (worn)
 v - a +0 plate armour (worn)
Jewellery
 i - a ring of protection from fire (left hand)
 u - a ring of poison resistance (right hand)
Scrolls
 k - 2 scrolls of fear {unknown}
 l - a scroll of immolation {unknown}
 m - 3 scrolls of identify {unknown}
 n - 2 scrolls of teleportation {unknown}
 s - 5 scrolls of remove curse {unknown}
Potions
 g - a potion of brilliance {unknown}
 h - a potion of lignification {unknown}
 j - a potion of haste
 o - a potion of mutation {unknown}
Comestibles
 f - 3 bread rations
 p - 8 fruits
 q - 2 royal jellies


   Skills:
 * Level 4.1 Fighting
 + Level 3.2 Axes
 + Level 3.7 Armour
 + Level 1.0 Dodging
 + Level 4.2 Shields


You had 4 spell levels left.
You didn't know any spells.

Dungeon Overview and Level Annotations

Branches:
Dungeon (4/15)
 Temple: D:4-7

Altars:
Dithmenos
Fedhas
Gozag
Nemelex Xobeh
Yredelemnul
The Shining One

Annotations:
D:2 1 runed door


Innate Abilities, Weirdness & Mutations

You cannot be hasted, slowed, berserked, paralysed or teleported.
You can dig through walls and to a lower floor.
Your four strong arms can wield two-handed weapons with a shield.
You have a pair of large antennae on your head. (SInv)


Message History

There is a stone staircase leading up here.
The orc priest shouts!
The ogre hits you with a giant club! The orc hits you with a war axe.
You climb upwards.
There is a stone staircase leading down here.
You feel very mighty all of a sudden. The ogre hits you with a giant club!!
* * * LOW HITPOINT WARNING * * *
The orc hits you with a war axe.
* * * LOW HITPOINT WARNING * * *
You block the orc's attack.
You slash the ogre!
The ogre is moderately wounded.
You slash the orc!
You kill the orc!
The ogre barely misses you.
It was a potion of haste.
Your stasis prevents you from being hasted.
The ogre hits you with a giant club!!
You die...

#######....'..._##.###
......#...##.^..##...#
.(....#######^#.##...#
......# ######...##
......# ########....#
......#####...........#
............#...>)....#
.........####...O.....#
.........'..#...@.....#
.........#........#####
.........#......'####
.........#......'...#
.).......#......###.#
.........#......###.#
..##'#####..........#
.###.# #.......######
.# #.# #.......#....#


You could see an ogre.

Vanquished Creatures
  3 adders
  2 oozes
  A worm (D:1)
  2 dart slugs
  4 leopard geckos
  An orc (D:3)
  2 ball pythons
  9 bats
  5 giant cockroaches
  7 goblins
  8 hobgoblins
  A jackal (D:2)
  7 kobolds
  A quokka (D:3)
  7 frilled lizards
  4 rats (D:1)
  A spectral orc (D:3)
65 creatures vanquished.

Notes
Turn   | Place    | Note
-------+----------+-------------------------------------------
     0 | D:1      | slumpy the Formicid Fighter began the quest for the Orb.
     0 | D:1      | Reached XP level 1. HP: 18/18 MP: 1/1
   205 | D:1      | Reached XP level 2. HP: 19/24 MP: 2/2
   603 | D:1      | Reached XP level 3. HP: 30/30 MP: 3/3
   872 | D:2      | Found an opulent altar of Gozag.
   979 | D:2      | Reached XP level 4. HP: 24/37 MP: 4/4
  1239 | D:2      | Found a runed door.
  1692 | D:2      | Reached skill level 1 in Dodging
  1696 | D:2      | Found a shadowy altar of Dithmenos.
  1904 | D:3      | Found a glowing golden altar of the Shining One.
  1904 | D:3      | Found a blossoming altar of Fedhas.
  1951 | D:3      | Found a basalt altar of Yredelemnul.
  2150 | D:3      | Reached XP level 5. HP: 42/42 MP: 5/5
  2348 | D:3      | Found a sparkling altar of Nemelex Xobeh.
  2591 | D:4      | Noticed an ogre
  2598 | D:3      | HP: 2/42 [orc/war axe (4)]
  2602 | D:3      | Demolished by an ogre

Vault maps used:
D:1:      dpeg_arrival_radiant
D:2:      nicolae_overflow_hidden_temple, serial_bayou_pond_e,
          nicolae_gozag_seed_capital, uniq_crazy_yiuf_cottage
D:3:      yredelemnul_forgotten_temple_becter,
          gammafunk_temple_overflow_elements, nemelex_altar_shiori
D:4:      serial_shops, shop, kennysheep_generic_room_4

Skill      XL: |  1  2  3  4 |
---------------+-------------+-----
Shields        | 4 |  4.2
Dodging        | 1 |  1.0
Axes           | 3 |  3.2
Fighting       | 4 |  4.1
Armour         | |  3.7

Action                   |  1- 3 |  4- 6 || total
-------------------------+-------+-------++-------
Melee: War axe           |   141 |   120 ||   261
  Use: Potion            |       |     2 ||     2
  Eat: Chunk             |     1 |     5 ||     6
Armor: Scale mail        |    61 |    57 ||   118
       Plate armour      |       |    22 ||    22
Dodge: Dodged            |    51 |    89 ||   140
Block: Shield            |    73 |       ||    73
       Buckler           |     4 |    26 ||    30
